 Dungeon Crawl Stone Soup version 0.31-a0-806-g0bc164a743 (webtiles) character file.

Game seed: 10245288823392200631

6274 pokeman the Thaumaturge (level 10, 0/54 (55) HPs)
             Began as a Deep Elf Hedge Wizard on Sept 20, 2023.
             Was an Initiate of Vehumet.
             Slain by a wight
             ... wielding a +3 morningstar
              (17 damage)
             ... on level 8 of the Dungeon.
             The game lasted 00:28:51 (10356 turns).

pokeman the Thaumaturge (Deep Elf Hedge Wizard)    Turns: 10356, Time: 00:28:52

HP:   0/54 (55)     AC:  8    Str:  7    XL:     10   Next: 63%
MP:   19/38         EV: 12    Int: 30    God:    Vehumet [......]
Gold: 1197          SH:  0    Dex: 14    Spells: 27/36 levels left

rFire   . . .        F - +10 morningstar "Eos" {elec, Halo rElec}
rCold   . . .        (no shield)
rNeg    . . .        b - +0 leather armour {rPois}
rPois   +            r - +1 hat
rElec   +            E - +0 cloak
rCorr   .            h - +0 pair of gloves
SInv    .            m - +1 pair of boots
Will    +....        (no amulet)
Stlth   +            y - ring of magical power
HPRegen 0.29/turn    C - +6 ring of intelligence
MPRegen 0.26/turn

%: no passive effects
@: on blink cooldown, glowing, lightly drained
A: no striking features
a: Renounce Religion


You were on level 8 of the Dungeon.
You worshipped Vehumet.
Vehumet was noncommittal.
You visited 2 branches of the dungeon, and saw 9 of its levels.
You also visited: Ossuary and Bailey.

You collected 1477 gold pieces.
You spent 280 gold pieces at shops.

Inventory:

Hand Weapons
 f - the +7 long sword "Savuokaamm" {pain, rC++ Dex+3}
   (You found it on level 7 of the Dungeon)

   Dex+3:     It affects your dexterity (+3).
   rC++:      It greatly protects you from cold.
 D - a +1 whip of venom
 F - the +10 morningstar "Eos" (weapon) {elec, Halo rElec}
   (You found it in a bailey)

   Halo:      It grants its wielder a halo, revealing invisible creatures and
   increasing accuracy against all within it other than the wielder.
   rElec:     It insulates you from electricity.
Armour
 b - a +0 leather armour of poison resistance (worn)
 h - a +0 pair of gloves (worn)
 j - a +0 buckler
 m - a +1 pair of boots (worn)
 r - a +1 hat (worn)
 E - a +0 cloak (worn)
 K - an orb of energy
Jewellery
 g - a ring of ice
 l - an amulet of faith
 y - a ring of magical power (left hand)
 z - a ring of resist corrosion
 C - a +6 ring of intelligence (right hand)
 H - an amulet of guardian spirit
Wands
 v - a wand of flame (34)
 B - a wand of acid (5)
Scrolls
 a - 7 scrolls of identify
 c - 2 scrolls of fog
 i - 3 scrolls of immolation {unknown}
 o - 3 scrolls of teleportation {unknown}
 q - 2 scrolls of enchant armour {unknown}
 t - 2 scrolls of blinking {unknown}
 u - 3 scrolls of noise {unknown}
 w - 3 scrolls of enchant weapon {unknown}
 A - a scroll of amnesia {unknown}
 I - a scroll of torment {unknown}
 J - a scroll of vulnerability {unknown}
Potions
 d - 3 potions of magic
 e - 2 potions of berserk rage {unknown}
 k - 2 potions of might {unknown}
 n - 2 potions of mutation {unknown}
 p - 3 potions of heal wounds {unknown}
 s - 4 potions of curing {unknown}
 x - a potion of resistance {unknown}
 G - 2 potions of ambrosia {unknown}


   Skills:
 + Level 2.9 Fighting
 - Level 3.4 Armour
 - Level 3.0 Dodging
 - Level 3.0 Stealth
 - Level 3.0 Shields
 * Level 13.5 Spellcasting
 + Level 7.8 Conjurations
 + Level 6.9 Summonings
 + Level 3.7 Necromancy
 - Level 1.1 Translocations
 - Level 1.0 Fire Magic
 - Level 1.0 Air Magic
 - Level 1.1 Poison Magic
 - Level 1.3 Evocations


You had 27 spell levels left.
You knew the following spells:

 Your Spells              Type           Power      Damage    Failure   Level
a - Magic Dart            Conj           100%       1d8       1%          1
b - Mephitic Cloud        Conj/Pois/Air  40%        N/A       2%          3
c - Call Imp              Summ           100%       N/A       1%          2
d - Blink                 Tloc           52%        N/A       3%          2
e - Foxfire               Conj/Fire      100%       2x1d9     1%          1

Your spell library contained the following spells:

 Spells                   Type           Power      Damage    Failure   Level
 Kiss of Death            Conj/Necr      100%       2d13      1%          1
 Momentum Strike          Conj/Tloc      94%        3d10      1%          2
 Searing Ray              Conj           100%       2d8       1%          2
 Cigotuvi's Dreadful Rot  Necr/Pois/Air  62%        N/A       2%          2
 Slow                     Hex            80%        N/A       3%          1
 Lesser Beckoning         Tloc           52%        N/A       3%          2
 Ensorcelled Hibernation  Hex/Ice        40%        N/A       5%          2
 Jinxbite                 Hex            40%        N/A       5%          2
 Passwall                 Tmut/Erth      16%        N/A       5%          2
 Gell's Gravitas          Tloc           26%        N/A       7%          3
 Swiftness                Air            26%        N/A       7%          3
 Teleport Other           Tloc           26%        N/A       7%          3
 Fulminant Prism          Conj/Hex       21%        3d12      7%          4
 Inner Flame              Hex/Fire       23%        N/A       9%          3
 Tukima's Dance           Hex            20%        N/A       11%         3
 Anguish                  Hex/Necr       15%        N/A       17%         4
 Passage of Golubria      Tloc           26%        N/A       22%         4
 Starburst                Conj/Fire      23%        6d8       65%         6
 Yara's Violent Unravell  Hex/Tmut       10%        3d6       69%         5
 Plasma Beam              Fire/Air       13%        2x1d24    98%         6
 Haunt                    Necr/Summ      25%        N/A       98%         7
 Enfeeble                 Hex            10%        N/A       100%        7
 Death's Door             Necr           21%        N/A       100%        9


Dungeon Overview and Level Annotations

Branches:
Dungeon (8/15)             Temple (1/1) D:7         Ossuary (visited)
 Bailey (visited)
   Lair: D:8-11

Altars:
Ashenzari
Cheibriados
Dithmenos
Elyvilon
Hepliaklqana
Kikubaaqudgha
Makhleb
Okawaru
Qazlal
Ru
Sif Muna
Trog
Uskayaw
Vehumet
Wu Jian
Xom
Yredelemnul
Zin
The Shining One

Shops:
D:2 =   D:5 *   D:7 (


Message History

Confirm with . or Enter, or press ? or * to list all spells.
Aiming: Mephitic Cloud (dangerous; 2% risk of failure)
Press: ? - help, Shift-Dir - straight line The ball explodes into a vile cloud!
The stinking cloud engulfs the orc warrior but does no damage.
The orc warrior is lightly wounded.
The stinking cloud engulfs the wight but does no damage.
You hear a shout!
You hear a deafening roar!
You hear a bellow!
A quokka comes into view.
The orc warrior is engulfed in noxious fumes.
The orc warrior appears confused.
The orc warrior closely misses the wight.
Unknown command.
The orc warrior is engulfed in noxious fumes.
The orc warrior appears confused.
The wight hits you with a +3 morningstar.
* * * LOW HITPOINT WARNING * * *
The orc warrior is engulfed in noxious fumes.
Things that are here:
a bullfrog corpse; a killer bee corpse The wight attacks as it pursues you!
The wight completely misses you.
A killer bee comes into view.
The orc warrior is engulfed in noxious fumes.
The orc warrior appears confused.
Casting: Mephitic Cloud (dangerous; 2% risk of failure)
Confirm with . or Enter, or press ? or * to list all spells.
A tiny devil pulls itself out of the air.
The wight closely misses you.
Unknown command.
Casting: Call Imp (safe; 1% risk of failure)
Confirm with . or Enter, or press ? or * to list all spells.
You blink.
An orc comes into view. It is wielding a +0 heavy morningstar.
The orc shouts!
A yak comes into view.
Unknown command.
The wight hits you but does no damage. The wight attacks as it pursues you!
The wight hits you with a +3 morningstar!
You die...

#.### ... >..
.Y. #.# #.# #.#
#@# #z#########.
#..†5y......
#°o#####....
#.####..# #.....
......o.##......
..#####o<.......
#..#.##...
#......


You could see a yak, an orc warrior (confused), a wight and 2 orcs.

Vanquished Creatures
  An orc knight (Bailey)
  Maggie (D:6)
  Jeremiah (D:7)
  Prince Ribbit (D:6)
  5 yaks (D:5)
  2 water moccasins
  2 ice beasts
  2 sky beasts
  3 black bears
  Duvessa (D:6)
  11 orc warriors
  3 ogres
  2 centaurs
  A phantom (D:4)
  A kobold brigand (D:7)
  3 bullfrogs
  3 scorpions
  2 wights (D:8)
  5 water moccasin zombies (Ossuary)
  4 killer bees (D:8)
  Dowan (D:6)
  2 howler monkeys
  2 hounds
  A gnoll bouda (D:5)
  4 jellies
  Crazy Yiuf (D:7)
  2 sleepcaps
  3 iguanas
  2 orc wizards
  2 mummies (Ossuary)
  4 adders
  14 gnolls
  2 white imps
  2 ufetubi
  An adder zombie (Ossuary)
  4 worms
  4 dart slugs
  32 orcs
  3 ball pythons
  15 endoplasms
  3 giant cockroaches
  15 goblins
  8 hobgoblins
  12 kobolds
  7 quokkas
  4 bats
  4 frilled lizards
  8 gnoll zombies (Ossuary)
  5 hobgoblin zombies (Ossuary)
  6 kobold zombies (Ossuary)
  6 orc zombies (Ossuary)
  6 rats
239 creatures vanquished.

Vanquished Creatures (collateral kills)
  A worm (D:2)
  An orc (D:2)
2 creatures vanquished.

Vanquished Creatures (others)
  An orc (D:7)
  165 foxfires
166 creatures vanquished.

Grand Total: 407 creatures vanquished

Notes
Turn   | Place    | Note
-------+----------+-------------------------------------------
     0 | D:1      | pokeman the Deep Elf Hedge Wizard began the quest for the
                  | Orb.
     0 | D:1      | Reached XP level 1. HP: 10/10 MP: 7/7
    78 | D:1      | Found a faded altar of an unknown god.
   268 | D:1      | Reached XP level 2. HP: 16/16 MP: 3/9
   812 | D:1      | Reached skill level 5 in Spellcasting
   923 | D:1      | Reached XP level 3. HP: 20/20 MP: 7/11
   927 | D:1      | Learned a level 3 spell: Mephitic Cloud
   930 | D:1      | Learned a level 2 spell: Call Imp
   933 | D:1      | Learned a level 2 spell: Blink
  1481 | D:2      | Reached skill level 1 in Armour
  1698 | D:2      | Reached skill level 1 in Fighting
  2110 | D:2      | Reached XP level 4. HP: 25/25 MP: 9/13
  2588 | D:2      | Found Pyw Huce's Jewellery Shop.
  3587 | D:3      | Got a vibrant book
  4031 | D:3      | Found an ancient bone altar of Kikubaaqudgha.
  4147 | D:4      | Noticed a phantom
  4163 | D:4      | Killed a phantom
  4164 | D:4      | Reached skill level 1 in Shields
  4164 | D:4      | Reached skill level 6 in Spellcasting
  4164 | D:4      | Reached XP level 5. HP: 12/29 MP: 1/15
  4272 | D:4      | Found a shadowy altar of Dithmenos.
  4406 | D:4      | Noticed a black bear
  4416 | D:4      | Killed a black bear
  4417 | D:4      | Reached skill level 1 in Air Magic
  4417 | D:4      | Reached skill level 1 in Poison Magic
  4417 | D:4      | Reached XP level 6. HP: 26/34 MP: 14/17
  4458 | D:4      | Noticed an orc warrior
  4476 | D:4      | Killed an orc warrior
  4477 | D:4      | Reached skill level 7 in Spellcasting
  5065 | D:4      | Found an ornate altar of the Wu Jian Council.
  5296 | D:2      | Bought a ring of magical power for 280 gold pieces
  5395 | D:5      | Entered Level 5 of the Dungeon
  5417 | D:5      | Reached XP level 7. HP: 39/39 MP: 20/20
  5425 | D:5      | Reached skill level 8 in Spellcasting
  5607 | D:5      | Found Ponuke's Practical Paraphernalia.
  5813 | D:5      | Found a sacrificial altar of Ru.
  5819 | D:5      | Found a glowing golden altar of the Shining One.
  5820 | D:5      | Found an iron altar of Okawaru.
  6144 | D:5      | Noticed a yak
  6145 | D:5      | Noticed a yak
  6147 | D:5      | Noticed a yak
  6149 | D:5      | Noticed a yak
  6150 | D:5      | Noticed a yak
  6154 | D:5      | Killed a yak
  6155 | D:5      | Reached skill level 9 in Spellcasting
  6155 | D:5      | Reached XP level 8. HP: 44/44 MP: 23/23
  6163 | D:5      | Reached skill level 1 in Evocations
  6166 | D:5      | Reached skill level 5 in Conjurations
  6191 | D:5      | Reached skill level 10 in Spellcasting
  7025 | D:6      | Reached XP level 9. HP: 33/48 MP: 23/25
  7157 | D:6      | Reached skill level 11 in Spellcasting
  7157 | D:6      | Reached skill level 5 in Summonings
  7340 | D:6      | Noticed Dowan
  7363 | D:6      | Killed Dowan
  7411 | D:6      | Noticed Duvessa
  7549 | D:6      | Killed Duvessa
  7892 | D:6      | Noticed Maggie
  7893 | D:6      | Noticed Prince Ribbit
  7913 | D:6      | Killed Prince Ribbit
  7966 | D:6      | Killed Maggie
  7967 | D:6      | Reached skill level 12 in Spellcasting
  8100 | D:7      | Identified the +7 long sword "Savuokaamm" {pain, rC++
                  | Dex+3}
  8111 | D:7      | Found a flagged portal.
  8117 | Bailey   | Entered a bailey
  8143 | Bailey   | Reached skill level 1 in Necromancy
  8434 | Bailey   | Reached XP level 10. HP: 53/53 MP: 28/28
  8508 | Bailey   | Learned a level 1 spell: Foxfire
  8508 | Bailey   | Found the +10 morningstar "Eos" {elec, Halo rElec}
  8508 | Bailey   | Noticed an orc knight
  8552 | Bailey   | Killed an orc knight
  8817 | Bailey   | Acquired 988 gold pieces
  8863 | D:7      | Found a sand-covered staircase.
  8872 | Ossuary  | Entered an ossuary
  9066 | Ossuary  | Reached skill level 13 in Spellcasting
  9066 | Ossuary  | Reached skill level 1 in Fire Magic
  9278 | D:7      | Found a staircase to the Ecumenical Temple.
  9289 | Temple   | Entered the Ecumenical Temple
  9298 | Temple   | Became a worshipper of Vehumet
  9345 | D:7      | Noticed Jeremiah
  9619 | D:7      | Found Beirural's Weapon Shoppe.
 10013 | D:7      | Found a runed translucent door.
 10014 | D:7      | Noticed Crazy Yiuf
 10019 | D:7      | Killed Crazy Yiuf
 10267 | D:7      | Killed Jeremiah
 10356 | D:8      | Slain by a wight

Illustrated notes

Levels and vault maps discovered:
D:1:      lemuel_arrival_hallway, layout_basic,
          hellmonk_ecumenical_altar_crossroads, st_stairs_6, minmay_ruptured
D:2:      layout_basic, serial_shops, shop
D:3:      layout_loops_cross, mainiacjoe_overflow_alcove_1
D:4:      layout_loops_corners, mainiacjoe_overflow_small_starburst,
          mainiacjoe_overflow_brackets
D:5:      layout_basic, grunt_temple_overflow_open, nicolae_alphabet_shops
D:6:      layout_basic, uniq_duvessa, uniq_maggie, uniq_prince_ribbit1
D:7:      layout_cave_pods, minmay_temple_entry_wispy, enter_ossuary_3,
          serial_shops, nicolae_shop_bloodbath_and_beyond,
          lightli_bailey_entry_fortress, uniq_jeremiah, uniq_crazy_yiuf_cottage
D:8:      layout_loops_cross, nicolae_gozag_cash_rules_everything_around_me,
          mainiacjoe_overflow_paths, marbit_many_paths, dpeg_lair_monsters,
          david_defended_altar_orc
Temple:   dshaligram_water_room_temple

Skill      XL: |  1  2  3  4  5  6  7  8  9 10 |
---------------+-------------------------------+-----
Spellcasting   | 5 6 7 9 10 12 13 | 13.5
Armour         | 1 2 3 |  3.4
Conjurations   | 2 3 4 5 7 |  7.8
Fighting       | 1 2 |  2.9
Dodging        | 3 |  3.0
Shields        | 1 2 3 |  3.0
Stealth        | 3 |  3.0
Air Magic      | 1 |  1.0
Poison Magic   | 1 |  1.1
Summonings     | 2 3 4 6 |  6.9
Evocations     | 1 |  1.3
Necromancy     | 1 3 |  3.7
Fire Magic     | 1 |  1.0
Translocations | |  1.1

Action                     |  1- 3 |  4- 6 |  7- 9 | 10-12 || total
---------------------------+-------+-------+-------+-------++-------
  Melee: Dagger            |    29 |     6 |       |       ||    35
         Whip              |       |       |    61 |       ||    61
         Long sword        |       |       |     9 |    16 ||    25
         Morningstar       |       |       |       |    77 ||    77
         Punch             |       |       |       |     1 ||     1
   Fire: Sling             |       |    62 |    77 |       ||   139
   Cast: Magic Dart        |   138 |   136 |   119 |     1 ||   394
         Call Imp          |     1 |     4 |     3 |     1 ||     9
         Mephitic Cloud    |       |     5 |    40 |    20 ||    65
         Blink             |       |       |     5 |     2 ||     7
         Foxfire           |       |       |       |    96 ||    96
  Evoke: Wand              |       |       |     9 |     1 ||    10
    Use: Scroll            |       |       |     3 |     1 ||     4
   Stab: Distracted        |       |     2 |       |       ||     2
         Sleeping          |       |     1 |       |     1 ||     2
         Confused          |       |       |    17 |     2 ||    19
 Armour: Robe              |    24 |    36 |    37 |       ||    97
         Leather armour    |       |       |    77 |    80 ||   157
  Dodge: Dodged            |    30 |    36 |   130 |    69 ||   265

Table legend: (Time is in decaauts)
 A = Elapsed time spent in this place.
 B = Non-inter-level travel time spent in this place.
 C = Inter-level travel time spent in this place.
 D = Time resting spent in this place.
 E = Time spent auto-exploring this place.
 F = Levels seen in this place.
 G = Mean time per level.
                   A        B        C        D        E       F      G
               +--------+--------+--------+--------+--------+-----+--------+
         Total |  10481 |  10078 |    403 |    495 |   7589 |  11 |  952.8 |
       Dungeon |   9414 |   9019 |    395 |    493 |   6891 |   8 | 1176.8 |
        Temple |     18 |     10 |      8 |      0 |      0 |   1 |   18.0 |
       Ossuary |    333 |    333 |      0 |      0 |    178 |   1 |  333.0 |
        Bailey |    715 |    715 |      0 |      2 |    520 |   1 |  715.0 |
               +--------+--------+--------+--------+--------+-----+--------+

Top non-repeatable levels by time:
     D:2: 1614 daAuts
     D:5: 1508 daAuts
     D:6: 1411 daAuts
     D:1: 1377 daAuts
     D:4: 1236 daAuts
     D:3: 1189 daAuts
     D:7: 1034 daAuts
  Bailey: 715 daAuts
 Ossuary: 333 daAuts
     D:8: 41 daAuts
  Temple: 18 daAuts
